 Dungeon Crawl Stone Soup version 0.28-a0-514-g0d7ab7f379 (webtiles) character file.

Game seed: 10798367684559466050

431 robertstho the Chopper (level 6, -1/84 HPs)
             Began as a Draconian Berserker on Sept 22, 2021.
             Was a Believer of Trog.
             Succumbed to Duvessa's poison
             ... on level 5 of the Dungeon.
             The game lasted 00:02:59 (2896 turns).

robertstho the Chopper (Draconian Berserker)        Turns: 2896, Time: 00:03:00

Health: -1/84      AC:  7    Str: 21    XL:     6   Next: 67%
Magic:  6/6        EV: 13    Int:  8    God:    Trog [**....]
Gold:   201        SH:  0    Dex: 10    Spells: 5/5 levels left

rFire   . . .      SeeInvis .   a - +0 hand axe
rCold   . . .      Faith    .   (no shield)
rNeg    . . .      Spirit   .   (armour unavailable)
rPois   .          Reflect  .   (helmet restricted)
rElec   .          Harm     .   e - scarf {+Inv}
rCorr   .          Rampage  .   (no gloves)
Will    .....                   f - +0 pair of boots
Stlth   ..........              (no amulet)
HPRegen 0.24/turn               (no ring)
MPRegen 0.10/turn               (no ring)

@: berserking (expiring), lethally poisoned (-1 -> -33), very quick
A: AC +6, unfitting armour, cold-blooded
a: Renounce Religion, Evoke Invisibility, Berserk, Trog's Hand


You were on level 5 of the Dungeon.
You worshipped Trog.
Trog was pleased with you.
You visited 1 branch of the dungeon, and saw 5 of its levels.

You collected 201 gold pieces.

Inventory:

Hand Weapons
 a - a +0 hand axe (weapon)
Armour
 e - a scarf of invisibility (worn)
 f - a +0 pair of boots (worn)
Scrolls
 g - a scroll of magic mapping
Potions
 b - a potion of magic
 c - a potion of might
 d - 2 potions of heal wounds {unknown}
 h - a potion of flight {unknown}
 i - 2 potions of curing


   Skills:
 * Level 5.2 Fighting
 + Level 5.5 Axes
 * Level 4.1 Dodging
 + Level 0.5 Stealth


You had 5 spell levels left.
You didn't know any spells.
Your spell library was empty.

Dungeon Overview and Level Annotations

Branches:
Dungeon (4/15)
 Temple: D:4-7

Altars:
Uskayaw
Vehumet
Wu Jian
Zin

Annotations:
D:5 Dowan


Innate Abilities, Weirdness & Mutations

Your plain brown scales are hard. (AC +6)
You cannot fit into any form of body armour.
You are cold-blooded and may be slowed by cold attacks.


Message History

Trog accepts your kill.
You slash Duvessa!
Duvessa is heavily wounded.
Duvessa hits you with a +4 rapier of venom!!
You are poisoned.
You hit Duvessa.
Duvessa is heavily wounded.
You feel sick.
You barely miss Duvessa. You tail-slap Duvessa!
Duvessa is almost dead.
You feel sick.
Duvessa hits you with a +4 rapier of venom!
You are more poisoned.
You barely miss Duvessa.
Duvessa is almost dead.
You feel very sick.
Duvessa hits you with a +4 rapier of venom!
You are lethally poisoned!
You hit Duvessa.
You kill Duvessa!
Trog accepts your kill.
Dowan's eyes darken. "You have made a black mistake."
Dowan seems to find hidden reserves of power!
* * * LOW HITPOINT WARNING * * *
You feel extremely sick.
Your Fighting skill increases to level 5!
You slash Dowan! You tail-slap Dowan!
Dowan is severely wounded.
* * * LOW HITPOINT WARNING * * *
You feel extremely sick. Dowan hits you but does no damage.
You miss Dowan.
Dowan is severely wounded.
* * * LOW HITPOINT WARNING * * *
You feel very sick.
Dowan hits you with a +0 dagger of electrocution.
* * * LOW HITPOINT WARNING * * *
You barely miss Dowan.
Your tail-slap misses Dowan.
Dowan is severely wounded.
You die...

.#.#.# ## .#.#.###.. ...
.#.#.##.. ..#.#
.#.#.##.. ..#.#
.#.#.##.# #.#.# .
.#.#.##.# #.#<# ..
.#.#.##.####.#.#Z# ...
.#...........#.#e# ....
...#.##.####.#.#@##....#
##.#.##.######.#.)......
...#.##.................
####...........####.....
############# ####.


You could see Dowan (fast) and a hound zombie.

Vanquished Creatures
  Grinder (D:3)
  Duvessa (D:5)
  An iguana (D:4)
  4 adders
  A worm (D:2)
  3 dart slugs
  8 orcs
  5 bats
  2 endoplasms
  A giant cockroach (D:1)
  6 goblins
  3 hobgoblins
  A jackal (D:2)
  5 quokkas
  3 ball pythons
  3 frilled lizards
  8 kobolds
  6 rats
62 creatures vanquished.

Notes
Turn   | Place    | Note
-------+----------+-------------------------------------------
     0 | D:1      | robertstho the Draconian Berserker began the quest for the
                  | Orb.
     0 | D:1      | Reached XP level 1. HP: 19/19 MP: 1/1
   426 | D:1      | Reached XP level 2. HP: 26/26 MP: 2/2
  1122 | D:2      | Found a faded altar of an unknown god.
  1271 | D:2      | Reached XP level 3. HP: 19/33 MP: 3/3
  1777 | D:3      | Reached ** piety under Trog
  2016 | D:3      | Reached XP level 4. HP: 39/40 MP: 4/4
  2076 | D:3      | Found a hide-covered altar of Uskayaw.
  2081 | D:3      | Found a radiant altar of Vehumet.
  2211 | D:3      | Found an ornate altar of the Wu Jian Council.
  2279 | D:3      | Found a glowing silver altar of Zin.
  2285 | D:3      | Noticed Grinder
  2291 | D:3      | Paralysed by Grinder for 4 turns
  2305 | D:3      | Killed Grinder
  2306 | D:3      | Reached XP level 5. HP: 13/47 MP: 5/5
  2306 | D:3      | Reached XP level 6. HP: 16/55 MP: 6/6
  2707 | D:4      | Reached skill level 5 in Axes
  2768 | D:4      | You fall into a shaft and drop 1 floor!
  2768 | D:5      | Entered Level 5 of the Dungeon
  2882 | D:5      | Noticed Duvessa
  2884 | D:5      | Noticed Dowan
  2893 | D:5      | Killed Duvessa
  2894 | D:5      | Reached skill level 5 in Fighting
  2895 | D:5      | HP: 4/84 [Dowan (5)]
  2896 | D:5      | Succumbed to Duvessa's poison

Illustrated notes

Levels and vault maps discovered:
D:1:      dpeg_arrival_water_fire, layout_loops_ring, minivault_25,
          minmay_split_cup_large
D:2:      layout_basic, shapermc_ecumenical_altar_mp_urbaneastern,
          minmay_hexomino_f4
D:3:      layout_rooms, nicolae_overflow_hidden_temple, zin_academy,
          mainiacjoe_overflow_big_doors, uniq_grinder
D:4:      layout_loops_ring, st_stairs_7
D:5:      layout_basic, minivault_27, minmay_holes, dk_noncrumbling_3,
          uniq_duvessa, uniq_pikel

Skill      XL: |  1  2  3  4  5  6 |
---------------+-------------------+-----
Dodging        | 3 4 |  4.1
Fighting       | 4 5 |  5.2
Axes           | 4 5 |  5.5
Stealth        | |  0.5

Action                   |  1- 3 |  4- 6 || total
-------------------------+-------+-------++-------
Melee: Hand axe          |   106 |    59 ||   165
       Tailslap          |     9 |     8 ||    17
Invok: Berserk           |     2 |     3 ||     5
  Use: Scroll            |     1 |     3 ||     4
Armor: Skin              |    42 |    13 ||    55
Dodge: Dodged            |    71 |    26 ||    97

Table legend: (Time is in decaauts)
 A = Elapsed time spent in this place.
 B = Non-inter-level travel time spent in this place.
 C = Inter-level travel time spent in this place.
 D = Time resting spent in this place.
 E = Time spent auto-exploring this place.
 F = Levels seen in this place.
 G = Mean time per level.
                   A        B        C        D        E       F      G
               +--------+--------+--------+--------+--------+-----+--------+
         Total |   2946 |   2830 |    116 |    272 |   2158 |   5 |  589.2 |
       Dungeon |   2946 |   2830 |    116 |    272 |   2158 |   5 |  589.2 |
               +--------+--------+--------+--------+--------+-----+--------+

Top non-repeatable levels by time:
     D:1: 1098 daAuts
     D:3: 920 daAuts
     D:2: 685 daAuts
     D:5: 124 daAuts
     D:4: 117 daAuts
